 Dungeon Crawl Stone Soup version 0.30-a0-949-g53dc5368d7 (webtiles) character file.

Game seed: 14963827226314335847

3129 Jackthecabe the Carver (level 9, -2/47 (48) HPs)
             Began as a Vine Stalker Reaver on Mar 27, 2023.
             Was a Believer of Wu Jian.
             Slain by a gnoll sergeant
             ... wielding a +0 trident
              (11 damage)
             ... on level 7 of the Dungeon.
             The game lasted 00:16:07 (7175 turns).

Jackthecabe the Carver (Vine Stalker Reaver)        Turns: 7175, Time: 00:16:07

HP:   -2/47 (48)    AC:  6    Str: 22    XL:     9   Next: 92%
MP:   0/13          EV: 17    Int: 13    God:    Wu Jian [**....]
Gold: 1206          SH:  0    Dex: 16    Spells: 9/12 levels left

rFire   . . .      SeeInvis .    y - +4 short sword (venom)
rCold   . . .      Faith    +    (no shield)
rNeg    . . .      Spirit   +    b - +0 leather armour
rPois   .          Reflect  .    (no helmet)
rElec   .          Rampage  .    A - +2 cloak
rCorr   .                        (no gloves)
Will    +....                    (no boots)
Stlth   ++++                     j - amulet of faith {!P}
HPRegen 1.07/turn                S - +6 ring of strength
MPRegen 0.13/turn                E - +5 ring of evasion

@: lightly drained
A: fangs 3, regeneration 1, magic shield, antimagic bite, no potion heal 2
a: Renounce Religion, Wall Jump


You were on level 7 of the Dungeon.
You worshipped Wu Jian.
Wu Jian was pleased with you.
You visited 2 branches of the dungeon, and saw 8 of its levels.
You also visited: Bailey.

You collected 1206 gold pieces.


Innate Abilities, Weirdness & Mutations

You have razor-sharp teeth.
Your natural rate of healing is unusually fast.
When hurt, damage is shared between your health and your magic reserves.
Your bite disrupts and absorbs the magic of your enemies.
Potions cannot restore your health.


   Skills:
 - Level 6.0 Fighting
 - Level 8.0 Long Blades
 + Level 2.0 Armour
 - Level 1.5 Dodging
 - Level 8.0 Stealth
 - Level 2.1 Spellcasting
 - Level 4.0 Conjurations
 - Level 4.0 Translocations
 - Level 2.0 Evocations


You had 9 spell levels left.
You knew the following spells:

 Your Spells              Type           Power      Damage    Failure   Level
X - Kiss of Death         Conj/Necr      24%        2d7       13%         1
Y - Momentum Strike       Conj/Tloc      22%        3d8       9%          2

Your spell library contained the following spells:

 Spells                   Type           Power      Damage    Failure   Level
 Hailstorm                Conj/Ice       6%         3d4       36%         3

Inventory:

Hand Weapons
 a - a +0 falchion
 y - a +4 short sword of venom (weapon)
 H - a +3 scimitar of freezing
 J - the +5 shortbow of the Valley {drain, rC+ Int+3}
   (You took it off a kobold in a bailey)

   Int:       It affects your intelligence (+3).
   rC:        It protects you from cold.
Missiles
 z - a throwing net {=f}
 L - 22 boomerangs
Armour
 b - a +0 leather armour (worn)
 q - a scarf of shadows
 w - the +0 ring mail of Emieddal {rElec rN+}
   (You found it on level 4 of the Dungeon)

   rElec:     It insulates you from electricity.
   rN:        It protects you from negative energy.
 A - a +2 cloak (worn)
Magical Staves
 B - a staff of fire {!a}
Jewellery
 j - an amulet of faith (around neck) {!P}
 v - a ring of see invisible
 E - a +5 ring of evasion (right hand)
 S - a +6 ring of strength (left hand)
Wands
 n - a wand of acid (2)
 G - a wand of iceblast (2)
Scrolls
 c - a scroll of blinking {unknown}
 d - 3 scrolls of enchant weapon {unknown}
 e - a scroll of torment {unknown}
 h - a scroll of immolation {unknown}
 i - 9 scrolls of identify {unknown}
 p - 2 scrolls of amnesia {unknown}
 t - a scroll of teleportation {unknown}
 u - a scroll of acquirement {unknown}
 x - 3 scrolls of fear {unknown}
 D - a scroll of magic mapping {unknown}
 F - 2 scrolls of noise {unknown}
Potions
 f - 4 potions of curing {unknown}
 g - a potion of invisibility {unknown}
 k - 3 potions of brilliance {unknown}
 l - 3 potions of mutation {unknown}
 m - a potion of heal wounds {unknown}
 o - a potion of cancellation {unknown}
 r - a potion of attraction {unknown}
 s - a potion of ambrosia {unknown}
 C - 6 potions of flight
 I - a potion of haste {@q3}
 K - a potion of might {unknown}
 M - a potion of lignification {unknown}

Dungeon Overview and Level Annotations

Branches:
Dungeon (7/15)             Temple (1/1) D:5          Bailey (visited)

Altars:
Ashenzari
Cheibriados
Elyvilon
Gozag
Hepliaklqana
Kikubaaqudgha
Makhleb
Okawaru
Qazlal
Ru
Sif Muna
Trog
Wu Jian
Xom
Yredelemnul

Shops:
D:4 ([(

Annotations:
D:3 1 runed translucent door, Crazy Yiuf

#..##...###)<....#.......
...###...................
..................)......
.........#.............##
.........#...............
........###......[......#
........##.......g......#
........###.#....g.#.....
.........##.##..@..#.....
.............##....##...#
..................##
....[.>..#.......##
......<..##......#
........####...###
.....#### #...# ...#
....# .. ....##


You could see a gnoll sergeant (very poisoned) and a gnoll.


Message History

The gnoll closely misses you.
You hit the gnoll sergeant but do no damage.
The gnoll sergeant looks even sicker.
The gnoll sergeant is lightly wounded.
The gnoll sergeant hits you with a +0 trident!
The gnoll closely misses you. The gnoll sergeant blocks your attack.
The gnoll sergeant is lightly wounded.
The gnoll sergeant hits you with a +0 trident!
You barely miss the gnoll sergeant.
The gnoll sergeant is lightly wounded.
The gnoll completely misses you.
You closely miss the gnoll sergeant.
The gnoll sergeant is lightly wounded.
The gnoll sergeant hits you with a +0 trident!
The gnoll hits you from afar with a +0 halberd.
* * * LOW HITPOINT WARNING * * *
You are too injured to fight recklessly!
You barely miss the gnoll sergeant. You bite the gnoll sergeant.
You drain its power.
You feel invigorated.
The gnoll sergeant is lightly wounded.
The gnoll sergeant hits you with a +0 trident!
* * * LOW HITPOINT WARNING * * *
The gnoll hits you from afar with a +0 halberd!
* * * LOW HITPOINT WARNING * * *
The gnoll sergeant blocks your attack.
You bite the gnoll sergeant. You drain its power.
You feel invigorated.
The gnoll sergeant is moderately wounded.
The gnoll sergeant hits you with a +0 trident!
You die...

Skill      XL: |  1  2  3  4  5  6  7  8  9 |
---------------+----------------------------+-----
Long Blades    | 3 4 5 6 7 8 |  8.0
Fighting       | 2 4 6 |  6.0
Translocations | 1 3 4 |  4.0
Stealth        | 6 8 |  8.0
Evocations     | 2 |  2.0
Conjurations   | 4 |  4.0
Armour         | 2 |  2.0
Dodging        | |  1.5
Spellcasting   | |  2.1

Action                     |  1- 3 |  4- 6 |  7- 9 || total
---------------------------+-------+-------+-------++-------
  Melee: Falchion          |    93 |   149 |       ||   242
         Bite              |    21 |    41 |    97 ||   159
         Punch             |     2 |     2 |     7 ||    11
         Short sword       |       |    19 |   291 ||   310
   Cast: Momentum Strike   |       |     1 |    16 ||    17
Ability: Lunge             |       |       |    12 ||    12
         Whirlwind         |       |       |     1 ||     1
  Evoke: Wand              |       |       |     4 ||     4
   Stab: Sleeping          |     4 |     1 |     1 ||     6
         Distracted        |       |       |     2 ||     2
 Armour: Leather armour    |    21 |    24 |    42 ||    87
  Dodge: Dodged            |    50 |    84 |   162 ||   296

Levels and vault maps discovered:
D:1:      nicolae_arrival_memento_mori, layout_loops_cross
D:2:      layout_loops_corners, basic_altar, chequers_serial_rivers_room_b
D:3:      layout_basic, mainiacjoe_overflow_catwalk, kennysheep_generic_room_9,
          uniq_natasha, uniq_crazy_yiuf_cottage
D:4:      layout_loops_ring, serial_shops, shop, nicolae_shop_waterfront,
          shop_coins, roderic_malta_cross, minmay_cut_off
D:5:      layout_loops_corners, minmay_temple_entry_sparse_star
D:6:      layout_basic, eino_tiny_chamber, minmay_strange_pillars
D:7:      layout_cave_pools, enter_bailey_3, uniq_maggie
Temple:   zaba_magenta_temple

Notes
Turn   | Place    | Note
-------+----------+-------------------------------------------
     0 | D:1      | Jackthecabe the Vine Stalker Reaver began the quest for the
                  | Orb.
     0 | D:1      | Reached XP level 1. HP: 11/11 MP: 4/4
    64 | D:1      | Reached skill level 3 in Long Blades
    89 | D:1      | Reached XP level 2. HP: 8/15 MP: 3/6
   345 | D:1      | Reached XP level 3. HP: 18/18 MP: 5/7
   954 | D:2      | Reached skill level 4 in Long Blades
  1187 | D:2      | Found a basalt altar of Yredelemnul.
  1404 | D:2      | Gained mutation: Your natural rate of healing is unusually
                  | fast. [Vine Stalker growth]
  1404 | D:2      | Reached XP level 4. HP: 8/23 MP: 4/8
  1407 | D:2      | Learned a level 2 spell: Momentum Strike
  1825 | D:3      | Reached skill level 5 in Long Blades
  1825 | D:3      | Reached XP level 5. HP: 24/26 MP: 6/9
  1939 | D:3      | Noticed a black bear
  2022 | D:3      | Found a runed translucent door.
  2023 | D:3      | Noticed Crazy Yiuf
  2261 | D:3      | Killed a black bear
  2327 | D:3      | Noticed Natasha
  2333 | D:3      | Killed Natasha
  2334 | D:3      | Reached skill level 6 in Long Blades
  2334 | D:3      | Reached XP level 6. HP: 30/30 MP: 5/10
  2392 | D:3      | Found a white marble altar of Elyvilon.
  2784 | D:4      | Found Noisioma's Weapon Emporium.
  2836 | D:4      | Identified the +0 ring mail of Emieddal {rElec rN+}
  3326 | D:4      | Found Zejimefe's Antique Weapon Boutique.
  3358 | D:4      | Found Cosm's Armour Shop.
  3608 | D:4      | Noticed a black bear
  3617 | D:4      | Reached skill level 7 in Long Blades
  3617 | D:4      | Reached XP level 7. HP: 21/34 MP: 3/11
  3743 | D:5      | Entered Level 5 of the Dungeon
  4009 | D:5      | Found a staircase to the Ecumenical Temple.
  4025 | D:5      | Reached skill level 8 in Long Blades
  4033 | D:5      | Reached skill level 2 in Fighting
  4037 | D:5      | Reached skill level 1 in Translocations
  4053 | Temple   | Entered the Ecumenical Temple
  4133 | Temple   | Became a worshipper of the Wu Jian Council
  4316 | D:5      | Gained mutation: You have razor-sharp teeth. [Vine Stalker
                  | growth]
  4316 | D:5      | Reached XP level 8. HP: 38/39 MP: 12/12
  4345 | D:5      | Reached skill level 2 in Translocations
  4442 | D:5      | Reached skill level 3 in Fighting
  4577 | D:5      | Reached skill level 3 in Translocations
  4806 | D:6      | Reached skill level 4 in Fighting
  4833 | D:6      | Reached skill level 1 in Stealth
  4910 | D:6      | Reached skill level 1 in Evocations
  4918 | D:6      | Reached skill level 2 in Stealth
  4996 | D:6      | Reached skill level 3 in Stealth
  4996 | D:6      | Reached skill level 2 in Evocations
  5018 | D:6      | Reached skill level 4 in Stealth
  5168 | D:6      | Reached * piety under Wu Jian
  5169 | D:6      | Reached skill level 5 in Stealth
  5523 | D:6      | Reached skill level 6 in Stealth
  5523 | D:6      | Reached XP level 9. HP: 38/45 MP: 8/13
  5693 | D:7      | Noticed Maggie
  5705 | D:7      | Killed Maggie
  5706 | D:7      | Reached skill level 4 in Conjurations
  5706 | D:7      | Reached skill level 4 in Translocations
  5774 | D:7      | Reached skill level 7 in Stealth
  5813 | D:7      | Found a flagged portal.
  5829 | Bailey   | Entered a bailey
  5865 | Bailey   | Reached skill level 8 in Stealth
  5880 | Bailey   | Reached ** piety under Wu Jian
  5920 | Bailey   | Identified the +5 shortbow of the Valley {drain, rC+ Int+3}
  6022 | Bailey   | Reached skill level 5 in Fighting
  6098 | Bailey   | Reached skill level 6 in Fighting
  6570 | D:7      | Reached skill level 1 in Armour
  6910 | D:6      | Reached skill level 2 in Armour
  7175 | D:7      | Slain by a gnoll sergeant

Vanquished Creatures
  Maggie (D:7)
  A water moccasin (D:6)
  3 black bears
  7 orc warriors (Bailey)
  2 ice beasts (D:6)
  A phantom (D:5)
  2 bullfrogs (D:7)
  7 scorpions
  5 wights (D:6)
  A howler monkey (D:5)
  A hound (D:7)
  4 orc priests
  A gnoll bouda (D:6)
  7 iguanas
  Natasha (D:3)
  3 orc wizards
  13 gnolls
  4 adders
  An ufetubus (D:7)
  2 worms
  4 dart slugs
  24 orcs
  4 ball pythons
  9 endoplasms
  5 giant cockroaches
  16 goblins
  14 hobgoblins
  2 quokkas
  3 bats
  3 frilled lizards (D:1)
  20 kobolds
  3 rats
174 creatures vanquished.

Table legend: (Time is in decaauts)
 A = Elapsed time spent in this place.
 B = Non-inter-level travel time spent in this place.
 C = Inter-level travel time spent in this place.
 D = Time resting spent in this place.
 E = Time spent auto-exploring this place.
 F = Levels seen in this place.
 G = Mean time per level.
                   A        B        C        D        E       F      G
               +--------+--------+--------+--------+--------+-----+--------+
         Total |   7132 |   6892 |    240 |    807 |   4607 |   9 |  792.4 |
       Dungeon |   6345 |   6125 |    220 |    485 |   4384 |   7 |  906.4 |
        Temple |     84 |     64 |     20 |      0 |     55 |   1 |   84.0 |
        Bailey |    702 |    702 |      0 |    322 |    168 |   1 |  702.0 |
               +--------+--------+--------+--------+--------+-----+--------+

Top non-repeatable levels by time:
     D:6: 1281 daAuts
     D:2: 1038 daAuts
     D:4: 1012 daAuts
     D:5: 959 daAuts
     D:3: 951 daAuts
     D:1: 750 daAuts
  Bailey: 702 daAuts
     D:7: 353 daAuts
  Temple: 84 daAuts

Table legend:
 A = Non-vault XP
 B = Vault XP
 C = Vault XP percentage of total XP
 D = Non-vault monster count
 E = Vault monster count
 F = Vault count percentage of total count
                 A         B        C        D         E       F
            +---------+---------+-------+---------+---------+-------
      Total |    2818 |    1653 |  37.0 |     138 |      36 |  20.7
            +---------+---------+-------+---------+---------+-------
        D:1 |      41 |       0 |   0.0 |      21 |       0 |   0.0
        D:2 |      50 |       0 |   0.0 |      19 |       0 |   0.0
        D:3 |     311 |      35 |  10.1 |      20 |       1 |   4.8
        D:4 |     166 |     229 |  58.0 |      25 |       4 |  13.8
        D:5 |     714 |       0 |   0.0 |      18 |       0 |   0.0
        D:6 |    1082 |       0 |   0.0 |      21 |       0 |   0.0
        D:7 |     454 |     391 |  46.3 |      14 |       5 |  26.3
     Bailey |       0 |     998 | 100.0 |       0 |      26 | 100.0
            +---------+---------+-------+---------+---------+-------
